 Dungeon Crawl Stone Soup version 0.30-a0-778-g2ef04afb54 (webtiles) character file.

Game seed: 14337416249442810175

1567 Esekla the Sneak (level 8, -6/42 HPs)
             Began as a Vine Stalker Delver on Feb 15, 2023.
             Was a Believer of Vehumet.
             Mangled by a gnoll
             ... wielding a +0 club
             ... led by a gnoll sergeant
              (7 damage)
             ... on level 6 of the Dungeon.
             The game lasted 00:40:38 (5814 turns).

Esekla the Sneak (Vine Stalker Delver)              Turns: 5814, Time: 00:40:38

Health: -6/42      AC:  4    Str: 15    XL:     8   Next: 90%
Magic:  0/15       EV: 17    Int: 12    God:    Vehumet [**....]
Gold:   130        SH:  0    Dex: 16    Spells: 11/15 levels left

rFire   . . .      SeeInvis .    a - +1 falchion (holy)
rCold   . . .      Faith    .    (no shield)
rNeg    . . .      Spirit   +    b - +0 leather armour {rPois}
rPois   +          Reflect  .    (no helmet)
rElec   .          Harm     .    (no cloak)
rCorr   .          Rampage  .    z - +0 pair of gloves
Will    +....                    (no boots)
Stlth   +++                      (no amulet)
HPRegen 1.07/turn                J - ring of wizardry
MPRegen 0.14/turn                k - +5 ring of evasion

@: no status effects
A: fangs 3, regeneration 1, magic shield, antimagic bite, no potion heal 2
a: Renounce Religion


You were on level 6 of the Dungeon.
You worshipped Vehumet.
Vehumet was pleased with you.
You visited 1 branch of the dungeon, and saw 7 of its levels.

You collected 381 gold pieces.
You spent 251 gold pieces at shops.

Inventory:

Hand Weapons
 a - a +1 falchion of holy wrath (weapon)
 r - a +3 spear of flaming
 s - a +0 dagger
Missiles
 f - a boomerang (quivered)
 n - 3 curare-tipped darts
 w - 5 silver javelins
 E - 3 javelins
 G - 3 poisoned darts
Armour
 b - a +0 leather armour of poison resistance (worn)
 t - a +2 ring mail of fire resistance
 y - a +2 ring mail of cold resistance
 z - a +0 pair of gloves (worn)
 I - a +0 buckler
Jewellery
 e - a ring of resist corrosion
 j - a ring of fire
 k - a +5 ring of evasion (right hand)
 p - a ring of protection from cold
 u - a +6 ring of intelligence
 J - a ring of wizardry (left hand)
Wands
 g - a wand of digging (10)
 B - a wand of quicksilver (14)
 F - a wand of flame (28)
Scrolls
 c - 2 scrolls of fog
 d - 3 scrolls of magic mapping
 i - 5 scrolls of identify
 m - 3 scrolls of enchant weapon
 o - 4 scrolls of amnesia
 q - 2 scrolls of teleportation
 A - a scroll of acquirement {unknown}
 C - a scroll of butterflies {unknown}
Potions
 h - 2 potions of heal wounds
 l - a potion of resistance
 v - 3 potions of curing
 x - 2 potions of attraction
 D - a potion of magic
 H - a potion of cancellation {unknown}


   Skills:
 * Level 4.8 Fighting
 + Level 0.4(3.8) Short Blades
 * Level 6.1(6.2) Long Blades
 + Level 1.4 Throwing
 + Level 2.2 Armour
 + Level 3.0 Dodging
 - Level 7.1 Stealth
 * Level 4.0 Spellcasting
 + Level 0.7 Conjurations
 + Level 0.6 Translocations
 * Level 1.2 Ice Magic


You had 11 spell levels left.
You knew the following spells:

 Your Spells              Type           Power      Damage    Failure   Level
p - Apportation           Tloc           6%         N/A       9%          1
r - Frozen Ramparts       Ice            10%        1d2       21%         3

Your spell library contained the following spells:

 Spells                   Type           Power      Damage    Failure   Level
 Necrotise                Necr           8%         1d4       11%         1
 Summon Small Mammal      Summ           8%         N/A       11%         1
 Momentum Strike          Conj/Tloc      6%         3d8       13%         2
 Hailstorm                Conj/Ice       4%         3d4       22%         3
 Ice Form                 Ice/Tmut       3%         N/A       61%         4
 Leda's Liquefaction      Hex/Erth       1%         N/A       69%         4
 Irradiate                Conj/Tmut      1%         3d12      92%         5
 Blade Hands              Tmut           1%         N/A       95%         5
 Lee's Rapid Deconstruct  Erth           1%         3d4*      95%         5
 Simulacrum               Ice/Necr       1%         N/A       100%        6
 Statue Form              Tmut/Erth      1%         N/A       100%        6
 Dragon Form              Tmut           1%         N/A       100%        7


Dungeon Overview and Level Annotations

Branches:
Dungeon (7/15)             Temple (0/1) D:4

Altars:
Ashenzari
Cheibriados
Dithmenos
Elyvilon
Gozag
Hepliaklqana
Nemelex Xobeh
Ru
Vehumet
Wu Jian
Zin

Shops:
D:1 [(?!   D:3 *

Annotations:
D:4 Eustachio
D:5 2 transporters, Nabski's ghost, novice TeFE


Innate Abilities, Weirdness & Mutations

You have razor-sharp teeth.
Your natural rate of healing is unusually fast.
When hurt, damage is shared between your health and your magic reserves.
Your bite disrupts and absorbs the magic of your enemies.
Potions cannot restore your health.


Message History

The boomerang hits the gnoll sergeant but does no damage.
The gnoll sergeant is lightly wounded.
The gnoll shouts!
The gnoll sergeant hits you with a +5 heavy trident.
There is a stone staircase leading up, spattered with blood here.
The gnoll hits you with a +0 club.
The gnoll sergeant hits you with a +5 heavy trident!
You climb upwards.
There is a stone staircase leading down, spattered with blood here.
You hit the gnoll sergeant.
You bite the gnoll sergeant, but do no damage.
The gnoll sergeant is lightly wounded.
The gnoll misses you.
You hit the gnoll but do no damage. The gnoll sergeant closely misses you.
The gnoll hits you with a +0 club.
You hit the gnoll sergeant.
The gnoll sergeant is heavily wounded.
The gnoll hits you with a +0 club. The gnoll sergeant closely misses you.
You barely miss the gnoll. You bite the gnoll, but do no damage.
The gnoll misses you.
You hit the gnoll sergeant but do no damage.
The gnoll sergeant is heavily wounded.
The gnoll sergeant completely misses you.
The gnoll hits you with a +0 club.
You barely miss the gnoll sergeant.
The gnoll sergeant is heavily wounded.
The gnoll misses you.
The gnoll sergeant hits you with a +5 heavy trident!!
* * * LOW HITPOINT WARNING * * *
You hit the gnoll sergeant but do no damage.
Your bite misses the gnoll sergeant.
The gnoll sergeant is heavily wounded.
The gnoll misses you.
You hit the gnoll sergeant but do no damage.
You bite the gnoll sergeant. You drain its power.
You feel invigorated.
The gnoll sergeant is severely wounded.
The gnoll sergeant hits you with a +5 heavy trident!!
* * * LOW HITPOINT WARNING * * *
The gnoll hits you with a +0 club!
You die...

######## ##......## ##........##
#...<......# #.....>....#
#..........# #.<........#
#.......gg.# #####
#########.......@#### ##...#
..##...........!.)..#####..#.##
..................#...........#
...).................#.....#..#
.......).....................##
............................#####
.................##.......#......
..............."###.....#........
...........########..#..###......


You could see a gnoll sergeant and a gnoll.

Vanquished Creatures
  Sigmund (D:3)
  A water moccasin (D:7)
  2 ice beasts
  An ogre (D:6)
  A centaur (D:6)
  3 phantoms
  A gnoll sergeant (D:7)
  A bullfrog (D:7)
  A howler monkey (D:7)
  3 jellies
  2 orc priests
  A gnoll bouda (D:4)
  2 hounds (D:5)
  An iguana (D:5)
  Ijyb (D:3)
  Terence (D:3)
  11 gnolls
  6 adders
  A white imp (D:5)
  A worm (D:2)
  A dart slug (D:1)
  16 orcs
  5 ball pythons
  4 bats
  7 endoplasms
  3 giant cockroaches
  6 hobgoblins
  8 jackals
  5 kobolds
  3 quokkas
  A frilled lizard (D:3)
  5 goblins
  5 rats
111 creatures vanquished.

Vanquished Creatures (others)
  10 plants (D:7)
10 creatures vanquished.

Grand Total: 121 creatures vanquished

Notes
Turn   | Place    | Note
-------+----------+-------------------------------------------
     0 | D:5      | Esekla the Vine Stalker Delver began the quest for the Orb.
     0 | D:5      | Reached XP level 1. HP: 11/11 MP: 2/2
     4 | D:5      | Found a sacrificial altar of Ru.
     4 | D:5      | Found a broken altar of Ashenzari.
    23 | D:6      | Found a radiant altar of Vehumet.
    30 | D:6      | Became a worshipper of Vehumet
    48 | D:4      | Noticed Eustachio
    67 | D:3      | Found an opulent altar of Gozag.
    75 | D:3      | Found Gozag's Platinum Reserve.
   126 | D:3      | Found a hazy altar of Hepliaklqana.
   149 | D:3      | Reached XP level 2. HP: 6/16 MP: 1/3
   202 | D:3      | Noticed Terence
   352 | D:3      | Noticed Sigmund
   545 | D:1      | Found Munipim's Magic Scroll Shop.
   549 | D:1      | Bought a scroll of noise for 10 gold pieces
   592 | D:1      | Learned a level 1 spell: Apportation
   594 | D:1      | Found Sublelock's Distillery.
   608 | D:1      | Bought a potion of degeneration for 11 gold pieces
   732 | D:1      | Reached XP level 3. HP: 20/20 MP: 4/4
   814 | D:1      | Found Nyusadoe's Antique Armour Shop.
   903 | D:1      | Found Dosmosuk's Antique Weapon Shoppe.
   918 | D:1      | Reached * piety under Vehumet
   918 | D:1      | Offered knowledge of Sandblast by Vehumet.
  1215 | D:2      | Found a faded altar of an unknown god.
  2045 | D:4      | Found a staircase to the Ecumenical Temple.
  2230 | D:4      | Gained mutation: Your natural rate of healing is unusually
                  | fast. [Vine Stalker growth]
  2230 | D:4      | Reached XP level 4. HP: 17/24 MP: 6/6
  2672 | D:4      | Reached skill level 1 in Spellcasting
  2679 | D:4      | Reached XP level 5. HP: 28/28 MP: 7/7
  2861 | D:3      | Killed Sigmund
  2862 | D:3      | Reached XP level 6. HP: 13/33 MP: 4/10
  2890 | D:3      | Killed Terence
  2976 | D:3      | Noticed Ijyb
  2978 | D:3      | Found a snail-covered altar of Cheibriados.
  3001 | D:3      | Killed Ijyb
  3428 | D:5      | Reached ** piety under Vehumet
  3428 | D:5      | Offered knowledge of Momentum Strike by Vehumet.
  3452 | D:5      | Reached XP level 7. HP: 34/37 MP: 9/11
  3619 | D:5      | Found a glowing silver altar of Zin.
  3719 | D:5      | Reached skill level 1 in Armour
  3719 | D:5      | Reached skill level 7 in Stealth
  4056 | D:5      | Found a transporter.
  4060 | D:5      | Noticed Nabski's ghost (novice TeFE)
  4074 | D:5      | Found a transporter.
  4202 | D:5      | Reached skill level 5 in Long Blades
  4269 | D:4      | Learned a level 2 spell: Momentum Strike
  4697 | D:1      | Bought a scroll of identify for 20 gold pieces
  4697 | D:1      | Bought a scroll of identify for 20 gold pieces
  4697 | D:1      | Bought a scroll of identify for 20 gold pieces
  4697 | D:1      | Bought a scroll of identify for 20 gold pieces
  4697 | D:1      | Bought a scroll of blinking for 75 gold pieces
  4697 | D:1      | Bought a scroll of enchant weapon for 75 gold pieces
  4887 | D:6      | Gained mutation: You have razor-sharp teeth. [Vine Stalker
                  | growth]
  4887 | D:6      | Reached XP level 8. HP: 36/42 MP: 7/13
  5061 | D:6      | Reached skill level 1 in Throwing
  5455 | D:7      | Offered knowledge of Frozen Ramparts by Vehumet.
  5461 | D:7      | Learned a level 3 spell: Frozen Ramparts
  5481 | D:7      | Found a sparkling altar of Nemelex Xobeh.
  5514 | D:7      | Found a white marble altar of Elyvilon.
  5722 | D:7      | Reached skill level 1 in Ice Magic
  5814 | D:6      | HP: 1/42 [gnoll sergeant/+5 heavy trident (12)]
  5814 | D:6      | Mangled by a gnoll

Illustrated notes

Levels and vault maps discovered:
D:1:      evilmike_arrival_come_back, layout_loops_ring, serial_shops, shop,
          nicolae_square_shop, shop, nicolae_shop_overgrown_old_shop,
          minmay_split_cup_small
D:2:      layout_loops_corners, dilly_ecumenical_altar_fadedgnrine
D:3:      layout_basic, mainiacjoe_overflow_surrounded_room,
          nicolae_gozag_zags_fifth_avenue, mainiacjoe_overflow_six_doors_small,
          uniq_terence, uniq_ijyb, uniq_sigmund
D:4:      layout_basic, minmay_temple_entry_statues_pillars, nicolae_half_adder,
          uniq_eustachio
D:5:      layout_layer_cave, mainiacjoe_overflow_alcove_1,
          chequers_temple_overflow_statue_of_worship,
          gammafunk_ghost_stat_death, kb_lookout_dungeons_type
D:6:      layout_rooms, mainiacjoe_overflow_paths
D:7:      layout_loops_cross, lemuel_doored_altar,
          mainiacjoe_overflow_small_starburst, nicolae_grassy_gnolls

Skill      XL: |  1  2  3  4  5  6  7  8 |
---------------+-------------------------+-----
Fighting       | 3 4 |  4.8
Long Blades    | 2 3 4 5 6 |  6.1
Dodging        | 2 3 |  3.0
Spellcasting   | 1 2 3 4 |  4.0
Armour         | 1 2 |  2.2
Stealth        | 7 |  7.1
Throwing       | 1 |  1.4
Ice Magic      | 1 |  1.2
Short Blades   | |  0.4
Conjurations   | |  0.7
Translocations | |  0.6

Action                     |  1- 3 |  4- 6 |  7- 9 || total
---------------------------+-------+-------+-------++-------
  Melee: Falchion          |   110 |   118 |   130 ||   358
         Bite              |    28 |    28 |    48 ||   104
         Dagger            |     3 |     8 |     9 ||    20
         Punch             |       |       |     2 ||     2
  Throw: Dart              |       |     1 |     9 ||    10
         Boomerang         |       |       |    15 ||    15
   Cast: Momentum Strike   |       |       |     2 ||     2
  Evoke: Wand              |     1 |       |     1 ||     2
    Use: Scroll            |     1 |     4 |     8 ||    13
         Potion            |     1 |     4 |       ||     5
   Stab: Sleeping          |     6 |     4 |     6 ||    16
         Distracted        |       |     1 |       ||     1
 Armour: Leather armour    |    16 |    15 |    26 ||    57
         Ring mail         |       |       |     1 ||     1
  Dodge: Dodged            |    86 |   101 |   142 ||   329

Table legend: (Time is in decaauts)
 A = Elapsed time spent in this place.
 B = Non-inter-level travel time spent in this place.
 C = Inter-level travel time spent in this place.
 D = Time resting spent in this place.
 E = Time spent auto-exploring this place.
 F = Levels seen in this place.
 G = Mean time per level.
                   A        B        C        D        E       F      G
               +--------+--------+--------+--------+--------+-----+--------+
         Total |   5826 |   5398 |    428 |    473 |   2000 |   7 |  832.3 |
       Dungeon |   5826 |   5398 |    428 |    473 |   2000 |   7 |  832.3 |
               +--------+--------+--------+--------+--------+-----+--------+

Top non-repeatable levels by time:
     D:4: 1387 daAuts
     D:3: 1015 daAuts
     D:5: 934 daAuts
     D:2: 858 daAuts
     D:1: 655 daAuts
     D:6: 554 daAuts
     D:7: 420 daAuts
